AoeStats
← Ulosis

Arena

510238107Analyzed
1v1 RM · 22h ago on Sep 30, 2026· 46m 48s· 2 players
Game mode
Random Map
Map size
Tiny (2 player)
Population
200
Speed
Normal
Resources
Standard
Victory
Conquest
Starting age
Dark Age
Ending age
Imperial Age
RankedLock teamsTeams togetherTeam positionsShared explorationLock speedFull tech treeHidden civsTurbo modeCheats
Victory
Defeat
🇺🇸 Franks · United States
866
+15
🇨🇱 Malay · Chile
855
-15
Ulosis
2:41 Loom
5:00 Loom
11:58 Feudal Age
12:11 Double-Bit Axe
13:22 Loom
16:00 Castle Age
14:30 Horse Collar
18:03 Bow Saw
21:44 Man-at-Arms
22:53 Forging
22:21 Elite Skirmisher
24:11 Husbandry
24:39 Gold Mining
24:36 Long Swordsman
32:00 Scale Barding Armor
32:31 Iron Casting
31:48 Fletching
38:59 Imperial Age
36:12 Pikeman
37:07 Squires
38:13 Two-Handed Swordsman
38:37 Halberdier
40:49 Forced Levy
45:23 Thumb Ring
45:26 Bodkin Arrow
46:32 Blast Furnace
45:32 Padded Archer Armor
ElPeregil1588
11:48 Feudal Age
12:18 Double-Bit Axe
13:19 Wheelbarrow
12:31 Loom
18:46 Castle Age
17:06 Gold Mining
18:08 Forging
22:40 Bow Saw
30:37 Imperial Age
28:06 Stone Mining
29:55 Iron Casting
28:48 Pikeman
29:57 Husbandry
30:38 Scale Mail Armor
30:39 Murder Holes
32:28 Chemistry
31:42 Cavalier
33:52 Town Watch
35:07 Conscription
35:12 Scale Barding Armor
36:56 Blast Furnace
37:35 Ballistics
37:33 Chain Mail Armor
38:20 Gold Shaft Mining
39:10 Chain Barding Armor
40:38 Hand Cart
40:24 Town Patrol
40:15 Halberdier
40:57 Squires
43:27 Siege Engineers
43:32 Arson
43:48 Paladin
46:27 Chivalry
47:30 Plate Barding Armor
Connection lost

Rejoining the realm…

Still unreachable

The connection could not be restored.

Session expired

The server has moved on; the page needs a fresh start.